 Dungeon Crawl Stone Soup version 0.23.2-1-ga50397a (webtiles) character file.

Game seed: 1455874732295242941

1443 diana the Cudgeler (level 8, -7/56 HPs)
             Began as an Octopode Fighter on June 2, 2019.
             Mangled by an orc warrior
             ... wielding a +0 flail
              (21 damage)
             ... on level 6 of the Dungeon.
             The game lasted 00:08:49 (5744 turns).

diana the Cudgeler (Octopode Fighter)               Turns: 5744, Time: 00:08:49

Health: -7/56      AC:  3    Str: 17    XL:     8   Next: 74%
Magic:  8/8        EV: 14    Int: 11    God:
Gold:   219        SH: 10    Dex: 15    Spells: 7/7 levels left

rFire    + + .     SeeInvis .   a - +0 flail
rCold    x x .     Gourm    .   b - +0 shield
rNeg     . . .     Faith    .   p - +2 hat
rPois    .         Spirit   .   v - amulet of harm
rElec    .         Reflect  .   k - ring of stealth
rCorr    .         Harm     +   s - ring of fire
MR       .....                  t - ring of fire
Stlth    +++.......             C - +4 ring of dexterity
HPRegen  0.18/turn              (no ring)
MPRegen  0.11/turn              (no ring)
                                (no ring)
                                (no ring)

@: lightly drained
A: almost no armour, stealthy swim, amphibious, 8 rings, constrict 8, camouflage
1, gelatinous body 1
a: no special abilities


You were on level 6 of the Dungeon.
You were not hungry.

You visited 2 branches of the dungeon, and saw 8 of its levels.

You collected 219 gold pieces.

Inventory:

Hand Weapons
 a - a +0 flail (weapon)
Armour
 b - a +0 shield (worn)
 p - a +2 hat (worn)
Magical Staves
 y - an uncursed staff of power
Jewellery
 j - an uncursed amulet of the gourmand
 k - a ring of stealth (left tentacle)
 s - a ring of fire (right tentacle)
 t - a ring of fire (on tentacle)
 v - an amulet of harm (around mantle)
 C - a +4 ring of dexterity (on tentacle)
Wands
 q - a wand of enslavement (6)
Scrolls
 e - 3 scrolls of noise {unknown}
 f - 4 scrolls of enchant weapon
 g - 4 scrolls of identify
 h - 5 scrolls of remove curse
 i - a scroll of fear {unknown}
 n - 3 scrolls of magic mapping {unknown}
 r - 6 scrolls of teleportation {unknown}
 w - a scroll of enchant armour {unknown}
 A - a scroll of random uselessness {unknown}
 B - 2 scrolls of amnesia {unknown}
Potions
 l - a potion of curing {unknown}
 m - 3 potions of ambrosia
 o - 2 potions of lignification {unknown}
 u - a potion of invisibility {unknown}
 x - a potion of agility {unknown}
 z - a potion of mutation {unknown}
Comestibles
 d - 12 rations


   Skills:
 + Level 5.5(5.2) Fighting
 * Level 6.9(6.6) Maces & Flails
 + Level 5.4(5.2) Dodging
 + Level 5.5(5.2) Shields


You had 7 spell levels left.
You didn't know any spells.
Your spell library was empty.

Dungeon Overview and Level Annotations

Branches:
Dungeon (7/15)             Temple (1/1) D:7

Altars:
Cheibriados
Dithmenos
Fedhas
Makhleb
Nemelex Xobeh
Okawaru
Sif Muna
Trog
Uskayaw
Wu Jian
Yredelemnul
Zin
The Shining One

Annotations:
D:3 3 runed translucent doors, Tribosh's ghost, weakling DEFE


Innate Abilities, Weirdness & Mutations

You cannot wear most types of armour.
You are very stealthy in the water. (Stealth+)
You are amphibious.
You can wear up to eight rings at the same time.
You can use your tentacles to constrict eight enemies at once.
Your skin changes colour to match your surroundings (Stealth+).
Your rubbery body absorbs attacks. (AC +1, EV +1)


Message History

You hit the orc warrior but do no damage.
You grab the orc warrior.
You constrict the orc warrior, but do no damage.
You block the orc warrior's attack.
You hit the orc warrior but do no damage.
You squeeze the orc warrior, but do no damage.
You constrict the orc warrior, but do no damage.
The orc warrior hits you with a +0 flail!!
Ouch! That really hurt!
You hit the orc warrior but do no damage.
You squeeze the orc warrior.
The orc warrior is lightly wounded.
You constrict the orc warrior!
The orc warrior hits you with a +0 flail!
* * * LOW HITPOINT WARNING * * *
You thump the orc warrior! You squeeze the orc warrior.
The orc warrior is almost dead.
You constrict the orc warrior, but do no damage.
The orc warrior hits you with a +0 flail!!
You die...

#.#o##.##.# #.#
#.#.##.##.#####.#
#.#.............######.
#.........#####........
######o...# #........
#o##.# #........ #o##.#
#........ #o##..
#.####### #@##...
#........ #.##...#
#..###### #.##.### #..#
#.##.#####..#
#...........#
#.##.#####..# #.# #..#
#.# #..# ## ..# #..##.#


You could see an orc warrior, an orc wizard and 2 orcs.

Vanquished Creatures
  2 phantoms
  An ogre (D:4)
  2 bullfrogs
  3 wights (D:7)
  2 crimson imps
  A centaur zombie (D:5)
  3 hounds
  An orc priest (D:7)
  A gnoll shaman (D:3)
  7 orc wizards
  A bullfrog skeleton (D:5)
  A centaur skeleton (D:4)
  An iguana (D:4)
  5 worker ants
  A hound zombie (D:7)
  A hound skeleton (D:6)
  Robin (D:2)
  5 adders
  4 gnolls (D:3)
  A shadow imp (D:5)
  An ooze (D:2)
  3 adder skeletons (D:4)
  3 worms
  A dart slug (D:2)
  5 leopard geckos
  20 orcs
  7 bats
  10 giant cockroaches
  20 goblins
  13 hobgoblins
  8 jackals
  2 quokkas
  A ball python (D:4)
  4 frilled lizards
  5 kobolds
  A leopard gecko skeleton (D:4)
  A quokka skeleton (D:3)
  8 rats
157 creatures vanquished.

Notes
Turn   | Place    | Note
-------+----------+-------------------------------------------
     0 | D:1      | diana the Octopode Fighter began the quest for the Orb.
     0 | D:1      | Reached XP level 1. HP: 16/16 MP: 1/1
   171 | D:1      | Reached XP level 2. HP: 21/21 MP: 2/2
   864 | D:1      | Reached XP level 3. HP: 26/26 MP: 3/3
  1099 | D:2      | Found a hide-covered altar of Uskayaw.
  1259 | D:2      | Reached skill level 3 in Maces & Flails
  1259 | D:2      | Reached XP level 4. HP: 31/31 MP: 4/4
  1344 | D:2      | Noticed Robin
  1369 | D:2      | Killed Robin
  1793 | D:2      | Found an iron altar of Okawaru.
  1799 | D:2      | Found a bloodstained altar of Trog.
  2069 | D:3      | Reached XP level 5. HP: 36/36 MP: 5/5
  2508 | D:3      | Reached skill level 4 in Maces & Flails
  2544 | D:3      | Found a runed translucent gate.
  2544 | D:3      | Found a runed translucent gate.
  2546 | D:3      | Found a runed translucent gate.
  2547 | D:3      | Noticed Tribosh's ghost (weakling DEFE)
  2786 | D:3      | Reached XP level 6. HP: 43/43 MP: 6/6
  3040 | D:4      | Noticed a phantom
  3069 | D:4      | Killed a phantom
  3380 | D:4      | Reached XP level 7. HP: 44/48 MP: 7/7
  3512 | D:4      | Reached skill level 5 in Maces & Flails
  3971 | D:5      | Entered Level 5 of the Dungeon
  4267 | D:5      | Reached skill level 5 in Shields
  4267 | D:5      | Reached XP level 8. HP: 18/54 MP: 8/8
  4690 | D:5      | Found a glowing golden altar of the Shining One.
  4700 | D:5      | Reached skill level 6 in Maces & Flails
  4812 | D:5      | Reached skill level 5 in Fighting
  4819 | D:5      | Reached skill level 5 in Dodging
  4969 | D:5      | You fall through a shaft for 2 floors!
  5133 | D:7      | Found a staircase to the Ecumenical Temple.
  5147 | Temple   | Entered the Ecumenical Temple
  5744 | D:6      | Mangled by an orc warrior

Skill      XL: |  1  2  3  4  5  6  7  8 |
---------------+-------------------------+-----
Maces & Flails | 3 4 5 6 |  6.9
Shields        | 4 5 |  5.5
Fighting       | 4 5 |  5.5
Dodging        | 4 5 |  5.4

Action                   |  1- 3 |  4- 6 |  7- 9 || total
-------------------------+-------+-------+-------++-------
Melee: Flail             |    61 |   128 |   172 ||   361
       Constrict         |    17 |    31 |    38 ||    86
       Tentacles         |    14 |    33 |    46 ||    93
  Use: Potion            |       |     1 |     1 ||     2
       Scroll            |       |       |     3 ||     3
 Stab: Sleeping          |     2 |     8 |    11 ||    21
  Eat: Chunk             |     1 |     7 |     8 ||    16
Armor: Skin              |     7 |    20 |    18 ||    45
Dodge: Dodged            |    34 |    60 |    70 ||   164
Block: Shield            |    28 |    69 |    88 ||   185
